 Dungeon Crawl Stone Soup version 0.25.1-2-g60ff931df9 (webtiles) character file.

Game seed: 704815819258305082

3745 Exodus22XD the Covert (level 10, 0/59 HPs)
             Began as a Kobold Hunter on Nov 7, 2020.
             Was a Priest of Ashenzari.
             Succumbed to a killer bee's poison
             ... on level 7 of the Dungeon.
             The game lasted 00:16:37 (8956 turns).

Exodus22XD the Covert (Kobold Hunter)               Turns: 8956, Time: 00:16:38

Health: 0/59       AC:  5    Str:  9    XL:     10   Next: 37%
Magic:  11/11      EV: 20    Int: 12    God:    Ashenzari [***...]
Gold:   331        SH:  0    Dex: 20    Spells: 9/9 levels left

rFire    . . .     SeeInvis +   h - +0 dagger (elec)
rCold    . . .     Gourm    .   (shield restricted)
rNeg     . . .     Faith    +   c - +0 leather armour
rPois    .         Spirit   .   j - +0 helmet
rElec    .         Reflect  .   (no cloak)
rCorr    .         Harm     .   y - +0 pair of gloves
MR       .....                  (no boots)
Stlth    +++++.....             q - amulet of faith
HPRegen  0.19/turn              (no ring)
MPRegen  0.12/turn              (no ring)

@: lethally poisoned (0 -> -13)
A: small, carnivore
a: Curse Item, Scrying, Renounce Religion


You were on level 7 of the Dungeon.
You worshipped Ashenzari.
Ashenzari was most pleased with you.
You were completely stuffed.

You visited 1 branch of the dungeon, and saw 7 of its levels.
You also visited: Ossuary.

You collected 331 gold pieces.

Inventory:

Hand Weapons
 a - a +1 hand crossbow
 g - a +0 dagger of speed
 h - a +0 dagger of electrocution (weapon)
Missiles
 d - 66 bolts
Armour
 c - a +0 leather armour (worn)
 j - a +0 helmet (worn)
 y - a +0 pair of gloves (worn)
Jewellery
 q - an amulet of faith (around neck)
 D - an uncursed amulet of guardian spirit
Wands
 l - a wand of random effects (29)
 E - a wand of acid (3)
Scrolls
 b - 2 scrolls of teleportation {unknown}
 i - a scroll of silence {unknown}
 m - 2 scrolls of blinking
 n - a scroll of enchant armour
 o - a scroll of fog
 p - 5 scrolls of remove curse
 s - a scroll of amnesia {unknown}
 v - 4 scrolls of immolation {unknown}
 w - a scroll of magic mapping {unknown}
 C - a scroll of identify
 H - a scroll of enchant weapon {unknown}
Potions
 e - a potion of lignification
 k - 2 potions of flight
 r - 3 potions of brilliance
 t - a potion of might {unknown}
 u - 2 potions of stabbing {unknown}
 x - 2 potions of curing
 z - 2 potions of ambrosia
 A - 3 potions of haste
 B - a potion of heal wounds {unknown}
 G - a potion of degeneration {unknown}
 I - a potion of magic {unknown}
Comestibles
 f - 15 rations
 F - 11 chunks of flesh


   Skills:
 + Level 5.1 Fighting
 * Level 9.0 Short Blades
 + Level 5.4 Crossbows
 - Level 3.0 Armour
 + Level 7.2 Dodging
 * Level 12.4 Stealth
 * Level 2.3 Evocations


You had 9 spell levels left.
You didn't know any spells.
Your spell library was empty.

Dungeon Overview and Level Annotations

Branches:
Dungeon (7/15)             Temple (0/1) D:5         Ossuary (visited)

Altars:
Ashenzari
Makhleb
Sif Muna

Shops:
D:4 =   D:5 [*%


Innate Abilities, Weirdness & Mutations

You are small and have problems with some larger weapons.
You are carnivorous and can eat meat at any time.


Message History

Lightning courses through the killer bee!
You kill the killer bee!
* * * LOW HITPOINT WARNING * * *
You feel sick.
You hit the killer bee but do no damage.
* * * LOW HITPOINT WARNING * * *
You feel sick. The killer bee closely misses you.
You hit the killer bee but do no damage.
* * * LOW HITPOINT WARNING * * *
You feel sick. The killer bee stings you.
* * * LOW HITPOINT WARNING * * *
You hit the killer bee but do no damage.
Lightning courses through the killer bee!
You kill the killer bee!
Your Short Blades skill increases to level 9!
You miss the killer bee.
* * * LOW HITPOINT WARNING * * *
You feel sick. The killer bee completely misses you.
You miss the killer bee.
You die...

#........#.#.................,,
...........#.###.############
......^.####.....# #.......#
#.###.# ..####### #.#...# ###
#.##### #.....# * #####.# * ,
#@# #y# * , #.. ###. * .# #** *
,


You could see a killer bee.

Vanquished Creatures
  Pikel (D:4)
  A cyclops (D:7)
  Grinder (D:4)
  Sigmund (D:2)
  2 sky beasts
  A black bear (D:7)
  A phantom (D:5)
  2 ice beasts
  2 ogres
  3 centaurs
  2 bullfrogs
  A gnoll sergeant (D:6)
  A wyvern zombie (D:6)
  A scorpion (D:5)
  A water moccasin skeleton (D:5)
  4 killer bees (D:7)
  4 howler monkeys
  9 hounds
  A jelly (D:4)
  A bullfrog skeleton (D:4)
  2 orc priests
  5 orc wizards
  5 worker ants
  2 hound skeletons
  2 howler monkey skeletons
  6 gnolls (D:6)
  9 adders
  A shadow imp (D:7)
  An adder zombie (D:6)
  A worm (D:4)
  2 dart slugs
  5 leopard geckos
  21 orcs
  5 bats
  3 giant cockroaches
  7 goblins
  7 hobgoblins
  6 jackals
  7 quokkas
  4 frilled lizards
  5 kobolds (D:1)
  A leopard gecko skeleton (D:4)
  9 rats
156 creatures vanquished.

Notes
Turn   | Place    | Note
-------+----------+-------------------------------------------
     0 | D:1      | Exodus22XD the Kobold Hunter began the quest for the Orb.
     0 | D:1      | Reached XP level 1. HP: 12/12 MP: 1/1
   387 | D:1      | Reached skill level 5 in Crossbows
   391 | D:1      | Reached XP level 2. HP: 10/18 MP: 2/2
   961 | D:1      | Reached XP level 3. HP: 22/22 MP: 3/3
  1059 | D:1      | Reached skill level 2 in Stealth
  1089 | D:1      | Reached skill level 1 in Short Blades
  1548 | D:2      | Noticed Sigmund
  1562 | D:2      | Killed Sigmund
  1562 | D:2      | Reached skill level 1 in Armour
  1562 | D:2      | Reached skill level 4 in Stealth
  1562 | D:2      | Reached XP level 4. HP: 7/27 MP: 4/4
  1562 | D:2      | Reached XP level 5. HP: 8/32 MP: 5/5
  1562 | D:2      | Reached XP level 6. HP: 9/36 MP: 6/6
  3138 | D:3      | Reached skill level 5 in Stealth
  3500 | D:3      | Found a faded altar of an unknown god.
  3551 | D:3      | Became a worshipper of Ashenzari the Shackled
  3551 | D:3      | Reached * piety under Ashenzari
  3692 | D:4      | Found a shimmering blue altar of Sif Muna.
  3745 | D:4      | Reached XP level 7. HP: 33/41 MP: 7/7
  3932 | D:4      | Reached skill level 6 in Stealth
  3939 | D:4      | Noticed Pikel
  3959 | D:4      | Killed Pikel
  3959 | D:4      | Reached skill level 8 in Stealth
  3959 | D:4      | Reached XP level 8. HP: 38/46 MP: 8/8
  4024 | D:4      | Noticed Grinder
  4027 | D:4      | Paralysed by Grinder for 5 turns
  4040 | D:4      | Paralysed by Grinder for 4 turns
  4068 | D:4      | Killed Grinder
  4185 | D:4      | Found a sand-covered staircase.
  4189 | Ossuary  | Entered an ossuary
  4228 | D:4      | Reached skill level 9 in Stealth
  4809 | D:4      | Reached skill level 5 in Short Blades
  4898 | D:4      | Found Hosofuh's Jewellery Shoppe.
  5069 | D:5      | Entered Level 5 of the Dungeon
  5069 | D:5      | Found a staircase to the Ecumenical Temple.
  5106 | D:5      | Reached skill level 5 in Dodging
  5106 | D:5      | Reached XP level 9. HP: 51/51 MP: 9/9
  5123 | D:5      | Found Neorph's Armour Shoppe.
  5177 | D:5      | Reached skill level 10 in Stealth
  5355 | D:5      | Reached ** piety under Ashenzari
  5474 | D:5      | HP: 2/52 [something (5)]
  6080 | D:5      | Found a shattered altar of Ashenzari.
  6119 | D:5      | Found Vastruih's General Store.
  6258 | D:5      | Found Guigroipt's Food Boutique.
  7415 | D:6      | Reached skill level 11 in Stealth
  8393 | D:7      | Reached XP level 10. HP: 58/58 MP: 10/10
  8421 | D:7      | Noticed a cyclops
  8524 | D:7      | Reached skill level 1 in Evocations
  8711 | D:7      | Found a burning altar of Makhleb.
  8880 | D:7      | Killed a cyclops
  8880 | D:7      | Reached skill level 5 in Fighting
  8880 | D:7      | Reached skill level 12 in Stealth
  8897 | D:7      | Reached *** piety under Ashenzari
  8953 | D:7      | HP: 2/59 [killer bee (4)]
  8956 | D:7      | Succumbed to a killer bee's poison

Illustrated notes

Levels and vault maps discovered:
D:1:      kilobyte_arrival_exit_the_forest, layout_basic
D:2:      layout_basic, first_ration, uniq_sigmund
D:3:      layout_basic, chequers_ecumenical_altar_grove,
          minmay_misc_feat_encased, bh_walls_and_bars
D:4:      layout_basic, serial_shops, shop, enter_ossuary_5, led_sif_book,
          uniq_crazy_yiuf_cottage, uniq_pikel, uniq_grinder
D:5:      layout_basic, minmay_temple_entry_trees, basic_altar, serial_shops,
          shop, shop, shop
D:6:      layout_layer_cave
D:7:      lemuel_upstairs_altar, layout_basic, lightli_temple_of_fire

Skill      XL: |  1  2  3  4  5  6  7  8  9 10 |
---------------+-------------------------------+-----
Crossbows      | 5 |  5.4
Stealth        | 4 5 8 9 11 12 | 12.4
Short Blades   | 3 4 5 8 9 |  9.0
Armour         | 1 2 3 |  3.0
Dodging        | 3 4 5 6 7 |  7.2
Fighting       | 3 4 5 |  5.1
Evocations     | 2 |  2.3

Action                   |  1- 3 |  4- 6 |  7- 9 | 10-12 || total
-------------------------+-------+-------+-------+-------++-------
Melee: Short sword       |    41 |       |       |       ||    41
       Dagger            |    83 |   116 |   413 |    96 ||   708
 Fire: Hand crossbow     |       |       |     5 |       ||     5
Evoke: Wand              |       |       |     2 |     4 ||     6
  Use: Scroll            |       |     7 |     3 |       ||    10
       Potion            |       |     2 |     2 |       ||     4
 Stab: Sleeping          |     6 |    10 |    15 |     4 ||    35
       Distracted        |       |     1 |     3 |       ||     4
  Eat: Chunk             |    10 |     7 |    15 |     2 ||    34
Armor: Leather armour    |    23 |    35 |    63 |    14 ||   135
Dodge: Dodged            |    76 |   153 |   284 |    72 ||   585
